Washington Capitals vs New York Rangers

Created - samedi 24 novembre 2018 at 19:00

Goals
1 2 3 T
Washington Capitals 0 0 1 1
New York Rangers 1 1 1 3
Shots
1 2 3 T
Washington Capitals 6 2 16 24
New York Rangers 8 8 4 20

1st period

1. New York Rangers , Mats Zuccarello 11 (Dan Girardi 5, Shawn Matthias 1) at 15:12

Penalties :
Alexander Petrovic (NYR) for Hooking (Minor) at 12:31, Jakub Vrana (WSH) for High sticking (Minor) at 15:23

2nd period

2. New York Rangers , Brandon Dubinsky 6 (Magnus Paajarvi 5) at 19:08

Penalties :
Alexander Petrovic (NYR) for Hooking (Minor) at 3:23, Jussi Jokinen (WSH) for High sticking (Double Minor) at 6:25, Brett Connolly (WSH) for Roughing (Double Minor) at 13:44

3rd period

3. Washington Capitals , Alex Ovechkin 7 (Nicklas Backstrom 5) at 0:36 (PP)
4. New York Rangers , Brandon Pirri 2 (Matt Martin 5, Alexandre Burrows 5) at 5:31

Penalties :
Shawn Matthias (NYR) for High sticking (Minor) at 0:31, Shawn Matthias (NYR) for Holding (Minor) at 3:02, Patrick Marleau (WSH) for High sticking (Minor) at 9:49

Goalie Stats

Braden Holtby (WSH), 17 saves from 20 shots - (0.850), L, 6-8-4, 60:00 minutes
Peter Budaj (NYR), 23 saves from 24 shots - (0.958), W, 2-1-0, 60:00 minutes

Players Stats for Washington Capitals

Player Name              G  A  P  +/- PIM S  H  SB GA TA FO     MP     PP MP  PK MP  
------------------------------------------------------------------------------------
Alex Ovechkin            1  0  1   0  0   5  2  0  1  1  1/1    18:40   2:36   2:44 
Brett Connolly           0  0  0  -1  4   0  7  0  0  0  0/0    13:12   0:54   0:22 
Chandler Stephenson      0  0  0  -1  0   0  0  1  0  0  6/8    15:56   0:39   4:31 
Dmitry Orlov             0  0  0  -2  0   2  1  0  0  2  0/0    20:07   3:08   5:43 
Evgeny Kuznetsov         0  0  0  -1  0   4  3  0  0  0  6/13   16:40   2:47   1:11 
Jakub Vrana              0  0  0  -1  2   1  1  0  0  0  0/1    10:53   2:38   0:00 
Jannik Hansen            0  0  0  -1  0   0  3  0  0  1  0/0    13:22   0:09   4:26 
Jason Demers             0  0  0   0  0   1  3  0  0  1  0/0    23:58   2:54   5:18 
Jay Beagle               0  0  0   0  0   2  3  0  0  0  3/4    17:04   0:00   4:43 
John Carlson             0  0  0   0  0   1  0  1  1  0  0/0    25:01   3:08   5:01 
Jordie Benn              0  0  0  -1  0   1  1  1  0  0  0/0    16:12   0:00   5:22 
Jussi Jokinen            0  0  0  -1  4   1  1  1  0  0  0/0    11:06   0:00   3:00 
Madison Bowey            0  0  0  -2  0   0  4  0  0  0  0/0    13:59   0:00   0:47 
Matt Niskanen            0  0  0  -1  0   1  2  2  0  0  0/0    16:43   2:54   1:41 
Nicklas Backstrom        0  1  1   0  0   5  1  0  1  0  8/14   15:08   2:36   0:00 
Patrick Marleau          0  0  0  -1  2   0  5  1  0  0  0/0    17:31   2:44   2:55 
Ryan Carpenter           0  0  0  -1  0   0  1  0  0  0  2/2     7:16   0:00   0:00 
T.J. Oshie               0  0  0  -1  0   0  3  0  2  1  0/0    15:12   3:03   0:00 

Players Stats for New York Rangers

Player Name              G  A  P  +/- PIM S  H  SB GA TA FO     MP     PP MP  PK MP  
------------------------------------------------------------------------------------
Alexander Petrovic       0  0  0   2  4   0  3  0  0  1  0/0    18:35   5:07   1:24 
Alexandre Burrows        0  1  1   1  0   1  1  0  0  0  0/0    11:13   1:56   0:00 
Brady Skjei              0  0  0   0  0   0  1  1  2  1  0/0    22:49   5:07   3:02 
Brandon Dubinsky         1  0  1   1  0   1  2  1  1  1  3/14   16:18   4:49   0:00 
Brandon Pirri            1  0  1   1  0   3  0  0  0  0  0/2    10:22   1:03   0:00 
Chris Kreider            0  0  0   0  0   3  3  0  0  0  0/0    18:06   4:59   2:55 
Dan Girardi              0  1  1   1  0   2  1  1  0  0  0/0    17:38   1:49   1:36 
J.T. Miller              0  0  0   0  0   1  3  0  0  0  5/10   18:09   4:40   2:54 
Josh Leivo               0  0  0   0  0   0  0  0  0  0  1/1    15:05   4:54   0:00 
Jujhar Khaira            0  0  0   0  0   1  2  0  1  0  5/11   13:46   2:08   0:00 
Kris Russell             0  0  0   2  0   1  2  1  0  0  0/0    19:59   0:49   2:48 
Magnus Paajarvi          0  1  1   1  0   0  1  1  0  1  0/0    13:41   1:30   0:00 
Mats Zuccarello          1  0  1   1  0   2  1  1  0  1  3/4    20:12   4:35   3:01 
Matt Martin              0  1  1   1  0   0  1  1  0  0  0/0     6:50   0:00   0:00 
Mike Hoffman             0  0  0   0  0   1  2  0  1  0  0/1    18:50   4:59   3:01 
Neal Pionk               0  0  0   0  0   3  3  1  1  0  0/0    18:49   5:50   0:00 
Shawn Matthias           0  1  1   2  4   1  2  1  0  0  0/0    13:29   0:00   0:13 
Tony DeAngelo            0  0  0   2  0   0  0  0  0  0  0/0    20:03   5:25   3:14 

3 Stars

1 - Brandon Dubinsky (NYR)
2 - Mats Zuccarello (NYR)
3 - Peter Budaj (NYR)

Power Play

Washington Capitals - 1 on 4 Attempt(s) - 25.00%
New York Rangers - 0 on 6 Attempt(s) - 0.00%

Penalty Kill

Washington Capitals - 6 on 6 Attempt(s) - 100.00% - Score 0 goal in Penalty Kill
New York Rangers - 3 on 4 Attempt(s) - 75.00% - Score 0 goal in Penalty Kill

Team Stat

Washington Capitals - Hits : 41 - Faceoff Wins : 26 - Blocked Shots : 7 - Penalty Minutes : 12
New York Rangers - Hits : 28 - Faceoff Wins : 17 - Blocked Shots : 9 - Penalty Minutes : 8

Official

Referees : Ian Walsh and Francois St Laurent
Linesman : Shandor Alphonso and Steve Barton

Game Notes

No Game Note

Finance

Level 1 -- Attendance: 9521 (89.82%) -- Ticket Income fr. 761'680
Level 2 -- Attendance: 1656 (75.27%) -- Ticket Income fr. 107'640
Level 3 -- Attendance: 2870 (77.57%) -- Ticket Income fr. 100'450
Level 4 -- Attendance: 1350 (93.10%) -- Ticket Income fr. 27'000
Luxury Box -- Attendance: 45 (90.00%) -- Ticket Income fr. 9'000
Game was played at the Madison Square Garden.
Total Attendance: 15442 (85.79%)
Total Ticket Income: fr. 1'005'770
Total Income: fr. 1'005'770

Washington Capitals

5 vs 5 Forward 
   Center                   Left Wing                Right Wing               Time % Phy DF OF 
 1 Evgeny Kuznetsov         Patrick Marleau          T.J. Oshie               30     1   1  3  
 2 Nicklas Backstrom        Alex Ovechkin            Jay Beagle               30     1   1  3  
 3 Chandler Stephenson      Brett Connolly           Jakub Vrana              23     2   2  1  
 4 Ryan Carpenter           Jussi Jokinen            Jannik Hansen            17     2   2  1  

5 vs 5 Defense 
   Defense                  Defense                                           Time % Phy DF OF 
 1 John Carlson             Jason Demers                                      35     1   3  1  
 2 Dmitry Orlov             Madison Bowey                                     33     1   3  1  
 3 Matt Niskanen            Jordie Benn                                       25     1   3  1  
 4 John Carlson             Dmitry Orlov                                      7      1   3  1  

PowerPlay Forward 
   Center                   Left Wing                Right Wing               Time % Phy DF OF 
 1 Nicklas Backstrom        Alex Ovechkin            T.J. Oshie               50     0   0  5  
 2 Evgeny Kuznetsov         Patrick Marleau          Jakub Vrana              50     0   0  5  

PowerPlay Defense
   Defense                  Defense                                           Time % Phy DF OF 
 1 John Carlson             Dmitry Orlov                                      50     0   1  4  
 2 Jason Demers             Matt Niskanen                                     50     0   1  4  

Penalty Kill 4 Players Forward 
   Center                   Wing                     Time % Phy DF OF 
 1 Jay Beagle               Jussi Jokinen            50     0   4  1  
 2 Chandler Stephenson      Jannik Hansen            50     0   4  1  

Penalty Kill 4 Players Defense
   Defense                  Defense                  Time % Phy DF OF 
 1 Jason Demers             Dmitry Orlov             50     1   3  1  
 2 John Carlson             Jordie Benn              50     1   3  1  

Penalty Kill - 3 Players Forward 
   Forward                                           Time % Phy DF OF 
 1 Chandler Stephenson                               50     1   4  0  
 2 Jay Beagle                                        50     1   4  0  

Penalty Kill - 3 Players Defense
   Defense                  Defense                  Time % Phy DF OF 
 1 Jason Demers             Dmitry Orlov             50     1   4  0  
 2 John Carlson             Jordie Benn              50     1   4  0  

4 vs 4 Forward 
   Center                   Wing                     Time % Phy DF OF 
 1 Nicklas Backstrom        Alex Ovechkin            50     0   1  4  
 2 Evgeny Kuznetsov         Patrick Marleau          50     0   1  4  

4 vs 4 Defense
   Defense                  Defense                  Time % Phy DF OF 
 1 Jason Demers             Dmitry Orlov             50     1   3  1  
 2 John Carlson             Jordie Benn              50     1   3  1  

Last Minutes Offensive
   Center                   Left Wing                Right Wing               Defense                  Defense                  
   Nicklas Backstrom        Alex Ovechkin            T.J. Oshie               Matt Niskanen            John Carlson             

Last Minutes Defensive
   Center                   Left Wing                Right Wing               Defense                  Defense                  
   Jay Beagle               Jannik Hansen            Chandler Stephenson      Matt Niskanen            John Carlson             

Goaltenders
Starting : Braden Holtby            
Backup : Philipp Grubauer         

Extra Forwards
Normal : Alex Ovechkin, Jannik Hansen, Patrick Marleau - PP : Patrick Marleau, Alex Ovechkin - PK : Patrick Marleau
Extra Defensemen
Normal : Jason Demers, Dmitry Orlov, John Carlson - PP : Jordie Benn - PK : Jason Demers, John Carlson
Penalty Shots
Alex Ovechkin, Patrick Marleau, Evgeny Kuznetsov, Nicklas Backstrom, T.J. Oshie
Custom OT Lines Forwards
Nicklas Backstrom, Alex Ovechkin, Evgeny Kuznetsov, T.J. Oshie, Patrick Marleau, Jakub Vrana, Jay Beagle, Brett Connolly, Chandler Stephenson, Jannik Hansen
Custom OT Lines Defensemen
John Carlson, Matt Niskanen, Dmitry Orlov, Jordie Benn, Madison Bowey

Scratches
Zach Parise (Left Leg Injury)

New York Rangers

5 vs 5 Forward 
   Center                   Left Wing                Right Wing               Time % Phy DF OF 
 1 Jujhar Khaira            Mike Hoffman             Mats Zuccarello          30     0   1  4  
 2 Brandon Dubinsky         Shawn Matthias           Magnus Paajarvi          30     0   2  3  
 3 J.T. Miller              Chris Kreider            Josh Leivo               25     1   2  2  
 4 Brandon Pirri            Matt Martin              Alexandre Burrows        15     2   3  0  

5 vs 5 Defense 
   Defense                  Defense                                           Time % Phy DF OF 
 1 Kris Russell             Brady Skjei                                       35     1   2  2  
 2 Dan Girardi              Neal Pionk                                        30     1   2  2  
 3 Tony DeAngelo            Alexander Petrovic                                25     1   3  1  
 4 Kris Russell             Tony DeAngelo                                     10     2   2  0  

PowerPlay Forward 
   Center                   Left Wing                Right Wing               Time % Phy DF OF 
 1 J.T. Miller              Mike Hoffman             Mats Zuccarello          50     0   1  4  
 2 Brandon Dubinsky         Chris Kreider            Josh Leivo               50     0   1  4  

PowerPlay Defense
   Defense                  Defense                                           Time % Phy DF OF 
 1 Tony DeAngelo            Neal Pionk                                        50     1   2  2  
 2 Brady Skjei              Alexander Petrovic                                50     1   2  2  

Penalty Kill 4 Players Forward 
   Center                   Wing                     Time % Phy DF OF 
 1 Mats Zuccarello          J.T. Miller              50     1   3  1  
 2 Mike Hoffman             Chris Kreider            50     1   3  1  

Penalty Kill 4 Players Defense
   Defense                  Defense                  Time % Phy DF OF 
 1 Tony DeAngelo            Alexander Petrovic       50     1   3  1  
 2 Brady Skjei              Kris Russell             50     1   3  1  

Penalty Kill - 3 Players Forward 
   Forward                                           Time % Phy DF OF 
 1 Mats Zuccarello                                   50     1   2  2  
 2 J.T. Miller                                       50     1   2  2  

Penalty Kill - 3 Players Defense
   Defense                  Defense                  Time % Phy DF OF 
 1 Neal Pionk               Tony DeAngelo            50     1   2  2  
 2 Brady Skjei              Kris Russell             50     1   2  2  

4 vs 4 Forward 
   Center                   Wing                     Time % Phy DF OF 
 1 Mats Zuccarello          J.T. Miller              50     1   1  3  
 2 Mike Hoffman             Chris Kreider            50     1   2  2  

4 vs 4 Defense
   Defense                  Defense                  Time % Phy DF OF 
 1 Dan Girardi              Neal Pionk               50     1   2  2  
 2 Brady Skjei              Kris Russell             50     1   2  2  

Last Minutes Offensive
   Center                   Left Wing                Right Wing               Defense                  Defense                  
   J.T. Miller              Mike Hoffman             Mats Zuccarello          Neal Pionk               Kris Russell             

Last Minutes Defensive
   Center                   Left Wing                Right Wing               Defense                  Defense                  
   J.T. Miller              Mike Hoffman             Mats Zuccarello          Dan Girardi              Brady Skjei              

Goaltenders
Starting : Peter Budaj              
Backup : Ryan Miller              

Extra Forwards
Normal : Jujhar Khaira, Brandon Dubinsky, Shawn Matthias - PP : Jujhar Khaira, Josh Leivo - PK : Shawn Matthias
Extra Defensemen
Normal : Neal Pionk, Alexander Petrovic, Brady Skjei - PP : Neal Pionk - PK : Alexander Petrovic, Brady Skjei
Penalty Shots
Mats Zuccarello, J.T. Miller, Mike Hoffman, Chris Kreider, Brandon Dubinsky
Custom OT Lines Forwards
Mats Zuccarello, J.T. Miller, Mike Hoffman, Chris Kreider, Brandon Dubinsky, Jujhar Khaira, Matt Martin, Alexandre Burrows, Shawn Matthias, Magnus Paajarvi
Custom OT Lines Defensemen
Dan Girardi, Neal Pionk, Brady Skjei, Kris Russell, Tony DeAngelo

Scratches
Adam Larsson (Healthy), Brendan Smith (Healthy), Lee Stempniak (Healthy)

% Time on Ice - Washington Capitals

Lines # - Real PCT - Wanted PCT - Time Play
Normal Forward
1 - 31% - 30% - 13:09
2 - 33% - 30% - 13:50
3 - 19% - 23% - 8:08
4 - 16% - 17% - 6:55
Normal Defense
1 - 37% - 35% - 15:37
2 - 35% - 33% - 14:48
3 - 25% - 25% - 10:42
4 - 2% - 7% - 0:55
PP Forward
1 - 52% - 50% - 3:09
2 - 48% - 50% - 2:53
PP Defense
1 - 52% - 50% - 3:08
2 - 48% - 50% - 2:54
PK Forward
1 - 53% - 50% - 6:19
2 - 47% - 50% - 5:37
PK Defense
1 - 48% - 50% - 5:43
2 - 52% - 50% - 6:13
PK3 Forward
1 - 0% - 50%
2 - 0% - 50%
PK3 Defense
1 - 0% - 50%
2 - 0% - 50%
44 Forward
1 - 0% - 50%
2 - 0% - 50%
44 Defense
1 - 0% - 50%
2 - 0% - 50%
Last Minute Offensive  - 0:00
Last Minute Defensive  - 0:00
Total
Forward - 60:00
Defense - 60:00

% Time on Ice - New York Rangers

Lines # - Real PCT - Wanted PCT - Time Play
Normal Forward
1 - 31% - 30% - 13:03
2 - 33% - 30% - 13:42
3 - 20% - 25% - 8:27
4 - 16% - 15% - 6:50
Normal Defense
1 - 37% - 35% - 15:28
2 - 33% - 30% - 13:59
3 - 23% - 25% - 9:38
4 - 7% - 10% - 2:57
PP Forward
1 - 56% - 50% - 6:39
2 - 44% - 50% - 5:17
PP Defense
1 - 50% - 50% - 6:00
2 - 50% - 50% - 5:56
PK Forward
1 - 50% - 50% - 3:01
2 - 50% - 50% - 3:01
PK Defense
1 - 56% - 50% - 3:24
2 - 44% - 50% - 2:38
PK3 Forward
1 - 0% - 50%
2 - 0% - 50%
PK3 Defense
1 - 0% - 50%
2 - 0% - 50%
44 Forward
1 - 0% - 50%
2 - 0% - 50%
44 Defense
1 - 0% - 50%
2 - 0% - 50%
Last Minute Offensive  - 0:00
Last Minute Defensive  - 0:00
Total
Forward - 60:00
Defense - 60:00

Play-by-Play

1st period


0:01 of 1st period - Jujhar Khaira wins face-off versus Evgeny Kuznetsov in neutral zone.
0:08 of 1st period - Snap shot by Evgeny Kuznetsov.
0:08 of 1st period - Shot Blocked by Mats Zuccarello.
0:12 of 1st period - Slapshot by Patrick Marleau.
0:12 of 1st period - Shot Blocked by Brady Skjei.
1:08 of 1st period - Off-side.
1:09 of 1st period - Ryan Carpenter wins face-off versus Brandon Pirri in neutral zone.
1:12 of 1st period - Dan Girardi is hit by Jannik Hansen and loses puck.
1:19 of 1st period - Wrist shot by Brandon Pirri.
1:19 of 1st period - Stopped by Braden Holtby with a rebound.
1:21 of 1st period - Slapshot by Neal Pionk.
1:21 of 1st period - Stopped by Braden Holtby with a rebound.
1:33 of 1st period - Dan Girardi is hit by T.J. Oshie and loses puck.
2:33 of 1st period - John Carlson is hit by Matt Martin and loses puck.
3:23 of 1st period - Snap shot by Nicklas Backstrom.
3:23 of 1st period - Shot Hit the Post.
3:29 of 1st period - John Carlson is hit by Chris Kreider and loses puck.
3:42 of 1st period - Snap shot by Alex Ovechkin.
3:42 of 1st period - Shot Blocked by Kris Russell.
3:50 of 1st period - Jussi Jokinen is hit by Alexandre Burrows and loses puck.
4:57 of 1st period - Snap shot by Evgeny Kuznetsov.
4:57 of 1st period - Shot Blocked by Neal Pionk.
5:17 of 1st period - Slapshot by Alexandre Burrows.
5:17 of 1st period - Stopped by Braden Holtby with a rebound.
5:19 of 1st period - Wrist shot by Alexandre Burrows.
5:19 of 1st period - Shot Misses the Net.
5:59 of 1st period - Magnus Paajarvi is hit by Brett Connolly.
6:11 of 1st period - Snap shot by Evgeny Kuznetsov.
6:11 of 1st period - Stopped by Peter Budaj with a rebound.
6:13 of 1st period - Slapshot by T.J. Oshie.
6:13 of 1st period - Shot Misses the Net.
6:15 of 1st period - Slapshot by Dmitry Orlov.
6:15 of 1st period - Stopped by Peter Budaj without a rebound.
6:16 of 1st period - Evgeny Kuznetsov wins face-off versus Jujhar Khaira in New York Rangers zone.
6:36 of 1st period - Mats Zuccarello is hit by Patrick Marleau and loses puck.
6:49 of 1st period - Jannik Hansen is hit by Shawn Matthias and loses puck.
7:18 of 1st period - Jakub Vrana is hit by J.T. Miller.
7:56 of 1st period - Slapshot by T.J. Oshie.
7:56 of 1st period - Shot Hit the Post.
8:06 of 1st period - Jason Demers is hit by Mats Zuccarello and loses puck.
8:13 of 1st period - Jujhar Khaira is hit by Jussi Jokinen.
8:52 of 1st period - Jujhar Khaira is hit by Madison Bowey and loses puck.
9:07 of 1st period - Josh Leivo is hit by Matt Niskanen and loses puck.
9:32 of 1st period - John Carlson is hit by Brandon Dubinsky and loses puck.
9:44 of 1st period - Tony DeAngelo is hit by Nicklas Backstrom and loses puck.
9:51 of 1st period - Slapshot by Alex Ovechkin.
9:51 of 1st period - Shot Blocked by Brandon Dubinsky.
10:20 of 1st period - Nicklas Backstrom is hit by Magnus Paajarvi and loses puck.
10:33 of 1st period - Jay Beagle is hit by Brady Skjei and loses puck.
10:38 of 1st period - Slapshot by Brandon Dubinsky.
10:38 of 1st period - Shot Hit the Post.
10:40 of 1st period - Slapshot by Neal Pionk.
10:40 of 1st period - Shot Misses the Net.
10:54 of 1st period - Snap shot by Alex Ovechkin.
10:54 of 1st period - Stopped by Peter Budaj with a rebound.
10:58 of 1st period - Slapshot by Nicklas Backstrom.
10:58 of 1st period - Shot Misses the Net.
11:02 of 1st period - Wrist shot by Jay Beagle.
11:02 of 1st period - Stopped by Peter Budaj with a rebound.
11:04 of 1st period - Snap shot by Jay Beagle.
11:04 of 1st period - Stopped by Peter Budaj with a rebound.
11:08 of 1st period - Snap shot by Alex Ovechkin.
11:08 of 1st period - Deflect By Nicklas Backstrom.
11:08 of 1st period - Stopped by Peter Budaj without a rebound.
11:09 of 1st period - Jujhar Khaira wins face-off versus Evgeny Kuznetsov in New York Rangers zone.
11:14 of 1st period - John Carlson is hit by Jujhar Khaira and loses puck.
11:37 of 1st period - Slapshot by John Carlson.
11:37 of 1st period - Shot Misses the Net.
12:25 of 1st period - Patrick Marleau is hit by Alexander Petrovic.
12:31 of 1st period - Minor Penalty to Alexander Petrovic for Hooking.
12:32 of 1st period - Mats Zuccarello wins face-off versus Evgeny Kuznetsov in New York Rangers zone.
13:02 of 1st period - Slapshot by T.J. Oshie.
13:02 of 1st period - Shot Misses the Net.
14:31 of 1st period - Penalty to Alexander Petrovic is over, Alexander Petrovic is back on ice.
14:36 of 1st period - Snap shot by Jannik Hansen.
14:36 of 1st period - Shot Misses the Net.
14:58 of 1st period - Snap shot by Mats Zuccarello.
14:58 of 1st period - Stopped by Braden Holtby with a rebound.
15:00 of 1st period - Slapshot by Dan Girardi.
15:00 of 1st period - Shot Blocked by Matt Niskanen.
15:02 of 1st period - Slapshot by Dan Girardi.
15:02 of 1st period - Shot Misses the Net.
15:04 of 1st period - Snap shot by Shawn Matthias.
15:04 of 1st period - Shot Misses the Net.
15:08 of 1st period - Snap shot by Mats Zuccarello.
15:08 of 1st period - Shot Blocked by Jordie Benn.
15:10 of 1st period - Wrist shot by Mats Zuccarello.
15:10 of 1st period - Shot Misses the Net.
15:12 of 1st period - Slapshot by Mats Zuccarello.
15:12 of 1st period - Goal by Mats Zuccarello - Washington Capitals : 0 - New York Rangers : 1.
15:13 of 1st period - Chandler Stephenson wins face-off versus Brandon Pirri in neutral zone.
15:23 of 1st period - Minor Penalty to Jakub Vrana for High sticking.
15:24 of 1st period - Jay Beagle wins face-off versus Brandon Dubinsky in Washington Capitals zone.
16:29 of 1st period - John Carlson is hit by Neal Pionk and loses puck.
17:23 of 1st period - Penalty to Jakub Vrana is over, Jakub Vrana is back on ice.
18:34 of 1st period - Dan Girardi is hit by Jannik Hansen.
18:53 of 1st period - Icing by Jujhar Khaira.
18:54 of 1st period - Nicklas Backstrom wins face-off versus Jujhar Khaira in New York Rangers zone.
19:17 of 1st period - Snap shot by Chris Kreider.
19:17 of 1st period - Shot Misses the Net.
19:19 of 1st period - Snap shot by Chris Kreider.
19:19 of 1st period - Stopped by Braden Holtby with a rebound.
19:21 of 1st period - Wrist shot by Dan Girardi.
19:21 of 1st period - Stopped by Braden Holtby with a rebound.
19:23 of 1st period - Slapshot by Neal Pionk.
19:23 of 1st period - Stopped by Braden Holtby with a rebound.
19:25 of 1st period - Snap shot by Josh Leivo.
19:25 of 1st period - Shot Blocked by Matt Niskanen.
19:27 of 1st period - Slapshot by J.T. Miller.
19:27 of 1st period - Shot Blocked by Jussi Jokinen.
19:37 of 1st period - Alexandre Burrows is hit by T.J. Oshie and loses puck.
19:44 of 1st period - Wrist shot by Evgeny Kuznetsov.
19:44 of 1st period - Shot Blocked by Matt Martin.
19:46 of 1st period - Wrist shot by Patrick Marleau.
19:46 of 1st period - Shot Misses the Net.
Goals for this period are 0 for Washington Capitals vs 1 for New York Rangers.
Shots for this period are 6 for Washington Capitals vs 8 for New York Rangers.

2nd period


0:01 of 2nd period - Chandler Stephenson wins face-off versus Jujhar Khaira in neutral zone.
0:03 of 2nd period - John Carlson is hit by Kris Russell and loses puck.
0:38 of 2nd period - Icing by Kris Russell.
0:39 of 2nd period - J.T. Miller wins face-off versus Nicklas Backstrom in New York Rangers zone.
0:51 of 2nd period - Wrist shot by Chris Kreider.
0:51 of 2nd period - Stopped by Braden Holtby with a rebound.
1:14 of 2nd period - Off-side.
1:15 of 2nd period - J.T. Miller wins face-off versus Evgeny Kuznetsov in neutral zone.
1:42 of 2nd period - Mats Zuccarello is hit by Brett Connolly.
2:28 of 2nd period - Snap shot by Matt Martin.
2:28 of 2nd period - Shot Misses the Net.
2:30 of 2nd period - Slapshot by Matt Martin.
2:30 of 2nd period - Shot Misses the Net.
2:32 of 2nd period - Slapshot by Brandon Pirri.
2:32 of 2nd period - Stopped by Braden Holtby without a rebound.
2:33 of 2nd period - Evgeny Kuznetsov wins face-off versus J.T. Miller in Washington Capitals zone.
2:38 of 2nd period - Wrist shot by Chris Kreider.
2:38 of 2nd period - Stopped by Braden Holtby with a rebound.
2:40 of 2nd period - Snap shot by J.T. Miller.
2:40 of 2nd period - Stopped by Braden Holtby without a rebound.
2:41 of 2nd period - Evgeny Kuznetsov wins face-off versus J.T. Miller in Washington Capitals zone.
2:54 of 2nd period - Snap shot by J.T. Miller.
2:54 of 2nd period - Shot Blocked by Patrick Marleau.
2:56 of 2nd period - Backhand shot by Kris Russell.
2:56 of 2nd period - Stopped by Braden Holtby without a rebound.
2:57 of 2nd period - Jujhar Khaira wins face-off versus Jakub Vrana in Washington Capitals zone.
3:23 of 2nd period - Minor Penalty to Alexander Petrovic for Hooking.
3:24 of 2nd period - Mats Zuccarello wins face-off versus Nicklas Backstrom in New York Rangers zone.
3:51 of 2nd period - Brady Skjei is hit by Patrick Marleau and loses puck.
4:02 of 2nd period - Slapshot by Patrick Marleau.
4:02 of 2nd period - Shot Misses the Net.
5:12 of 2nd period - Tony DeAngelo is hit by Matt Niskanen and loses puck.
5:23 of 2nd period - Penalty to Alexander Petrovic is over, Alexander Petrovic is back on ice.
5:23 of 2nd period - Mats Zuccarello is hit by Brett Connolly.
5:35 of 2nd period - Backhand shot by Mats Zuccarello.
5:35 of 2nd period - Shot Misses the Net.
5:47 of 2nd period - Jannik Hansen is hit by Shawn Matthias and loses puck.
6:02 of 2nd period - Dmitry Orlov is hit by Neal Pionk and loses puck.
6:25 of 2nd period - Double Minor Penalty to Jussi Jokinen for High sticking.
6:26 of 2nd period - Jay Beagle wins face-off versus Brandon Dubinsky in Washington Capitals zone.
7:03 of 2nd period - Slapshot by Jordie Benn.
7:03 of 2nd period - Stopped by Peter Budaj with a rebound.
7:05 of 2nd period - Wrist shot by Alex Ovechkin.
7:05 of 2nd period - Deflect By Jay Beagle.
7:05 of 2nd period - Shot Misses the Net.
7:05 of 2nd period - Puck is out of play.
7:06 of 2nd period - Brandon Dubinsky wins face-off versus Jay Beagle in New York Rangers zone.
8:33 of 2nd period - Alexander Petrovic is hit by Dmitry Orlov and loses puck.
8:58 of 2nd period - John Carlson is hit by Chris Kreider and loses puck.
10:21 of 2nd period - Dan Girardi is hit by Jordie Benn and loses puck.
10:25 of 2nd period - Penalty to Jussi Jokinen is over, Jussi Jokinen is back on ice.
10:44 of 2nd period - Slapshot by Evgeny Kuznetsov.
10:44 of 2nd period - Stopped by Peter Budaj with a rebound.
10:56 of 2nd period - Matt Martin is hit by Madison Bowey.
12:34 of 2nd period - Shawn Matthias is hit by Brett Connolly and loses puck.
12:47 of 2nd period - Shawn Matthias is hit by Jay Beagle.
13:24 of 2nd period - Alexandre Burrows is hit by Jannik Hansen and loses puck.
13:39 of 2nd period - Brandon Pirri is hit by Alex Ovechkin.
13:44 of 2nd period - Double Minor Penalty to Brett Connolly for Roughing.
13:45 of 2nd period - Chandler Stephenson wins face-off versus J.T. Miller in Washington Capitals zone.
15:45 of 2nd period - Dmitry Orlov is hit by Brandon Dubinsky and loses puck.
15:58 of 2nd period - Neal Pionk is hit by Evgeny Kuznetsov and loses puck.
16:47 of 2nd period - Dan Girardi is hit by Patrick Marleau and loses puck.
17:28 of 2nd period - Patrick Marleau is hit by Neal Pionk and loses puck.
17:44 of 2nd period - Penalty to Brett Connolly is over, Brett Connolly is back on ice.
18:10 of 2nd period - Brandon Dubinsky is hit by Jason Demers and loses puck.
18:33 of 2nd period - J.T. Miller is hit by Jay Beagle and loses puck.
18:55 of 2nd period - Icing by Brandon Pirri.
18:56 of 2nd period - J.T. Miller wins face-off versus Chandler Stephenson in New York Rangers zone.
18:56 of 2nd period - J.T. Miller is hit by Jakub Vrana.
19:08 of 2nd period - Wrist shot by Brandon Dubinsky.
19:08 of 2nd period - Goal by Brandon Dubinsky - Washington Capitals : 0 - New York Rangers : 2.
19:09 of 2nd period - Josh Leivo wins face-off versus Nicklas Backstrom in neutral zone.
19:16 of 2nd period - Wrist shot by J.T. Miller.
19:16 of 2nd period - Shot Misses the Net.
19:18 of 2nd period - Slapshot by Dan Girardi.
19:18 of 2nd period - Stopped by Braden Holtby with a rebound.
19:20 of 2nd period - Slapshot by Neal Pionk.
19:20 of 2nd period - Stopped by Braden Holtby without a rebound.
19:21 of 2nd period - Jay Beagle wins face-off versus J.T. Miller in Washington Capitals zone.
19:21 of 2nd period - Jay Beagle is hit by J.T. Miller.
19:29 of 2nd period - Wrist shot by Alex Ovechkin.
19:29 of 2nd period - Shot Misses the Net.
Goals for this period are 0 for Washington Capitals vs 1 for New York Rangers.
Shots for this period are 2 for Washington Capitals vs 8 for New York Rangers.

3rd period


0:01 of 3rd period - Nicklas Backstrom wins face-off versus Jujhar Khaira in neutral zone.
0:28 of 3rd period - Snap shot by Jakub Vrana.
0:28 of 3rd period - Stopped by Peter Budaj without a rebound.
0:29 of 3rd period - Evgeny Kuznetsov wins face-off versus Brandon Dubinsky in New York Rangers zone.
0:31 of 3rd period - Minor Penalty to Shawn Matthias for High sticking.
0:32 of 3rd period - Nicklas Backstrom wins face-off versus Mike Hoffman in New York Rangers zone.
0:36 of 3rd period - Snap shot by Alex Ovechkin.
0:36 of 3rd period - Goal by Alex Ovechkin - Washington Capitals : 1 - New York Rangers : 2.
0:37 of 3rd period - Nicklas Backstrom wins face-off versus Brandon Dubinsky in neutral zone.
1:10 of 3rd period - Off-side.
1:11 of 3rd period - Chandler Stephenson wins face-off versus Jujhar Khaira in neutral zone.
1:14 of 3rd period - Slapshot by Jakub Vrana.
1:14 of 3rd period - Shot Misses the Net.
1:24 of 3rd period - Snap shot by Jujhar Khaira.
1:24 of 3rd period - Stopped by Braden Holtby with a rebound.
1:26 of 3rd period - Wrist shot by Mike Hoffman.
1:26 of 3rd period - Deflect By Mats Zuccarello.
1:26 of 3rd period - Shot Misses the Net.
1:26 of 3rd period - Puck is out of play.
1:27 of 3rd period - Nicklas Backstrom wins face-off versus Brandon Dubinsky in Washington Capitals zone.
1:27 of 3rd period - Nicklas Backstrom is hit by Kris Russell.
1:35 of 3rd period - Wrist shot by Nicklas Backstrom.
1:35 of 3rd period - Stopped by Peter Budaj with a rebound.
1:37 of 3rd period - Slapshot by John Carlson.
1:37 of 3rd period - Stopped by Peter Budaj without a rebound.
1:38 of 3rd period - J.T. Miller wins face-off versus Evgeny Kuznetsov in New York Rangers zone.
1:47 of 3rd period - T.J. Oshie is hit by J.T. Miller and loses puck.
1:51 of 3rd period - Icing by Patrick Marleau.
1:52 of 3rd period - Evgeny Kuznetsov wins face-off versus Brandon Dubinsky in Washington Capitals zone.
2:01 of 3rd period - Slapshot by Evgeny Kuznetsov.
2:01 of 3rd period - Shot Blocked by Magnus Paajarvi.
2:03 of 3rd period - Wrist shot by Jason Demers.
2:03 of 3rd period - Shot Blocked by Dan Girardi.
2:23 of 3rd period - J.T. Miller is hit by Patrick Marleau and loses puck.
2:44 of 3rd period - Slapshot by Evgeny Kuznetsov.
2:44 of 3rd period - Stopped by Peter Budaj without a rebound.
2:45 of 3rd period - Nicklas Backstrom wins face-off versus Brandon Dubinsky in New York Rangers zone.
2:46 of 3rd period - Snap shot by Alex Ovechkin.
2:46 of 3rd period - Stopped by Peter Budaj with a rebound.
3:00 of 3rd period - Snap shot by Nicklas Backstrom.
3:00 of 3rd period - Shot Misses the Net.
3:02 of 3rd period - Minor Penalty to Shawn Matthias for Holding.
3:03 of 3rd period - Nicklas Backstrom wins face-off versus Mats Zuccarello in New York Rangers zone.
3:04 of 3rd period - Snap shot by Alex Ovechkin.
3:04 of 3rd period - Shot Misses the Net.
3:06 of 3rd period - Snap shot by Dmitry Orlov.
3:06 of 3rd period - Stopped by Peter Budaj without a rebound.
3:07 of 3rd period - Mats Zuccarello wins face-off versus Nicklas Backstrom in New York Rangers zone.
3:20 of 3rd period - Snap shot by Alex Ovechkin.
3:20 of 3rd period - Stopped by Peter Budaj with a rebound.
3:22 of 3rd period - Snap shot by T.J. Oshie.
3:22 of 3rd period - Deflect By Nicklas Backstrom.
3:22 of 3rd period - Stopped by Peter Budaj with a rebound.
3:40 of 3rd period - Snap shot by Jakub Vrana.
3:40 of 3rd period - Shot Misses the Net.
5:02 of 3rd period - Penalty to Shawn Matthias is over, Shawn Matthias is back on ice.
5:08 of 3rd period - Tony DeAngelo is hit by Madison Bowey and loses puck.
5:29 of 3rd period - Wrist shot by Matt Martin.
5:29 of 3rd period - Shot Misses the Net.
5:31 of 3rd period - Wrist shot by Brandon Pirri.
5:31 of 3rd period - Goal by Brandon Pirri - Washington Capitals : 1 - New York Rangers : 3.
5:32 of 3rd period - Alex Ovechkin wins face-off versus Brandon Dubinsky in neutral zone.
5:45 of 3rd period - Slapshot by Kris Russell.
5:45 of 3rd period - Shot Misses the Net.
5:57 of 3rd period - Alexandre Burrows is hit by Patrick Marleau and loses puck.
6:02 of 3rd period - Snap shot by Evgeny Kuznetsov.
6:02 of 3rd period - Stopped by Peter Budaj without a rebound.
6:03 of 3rd period - Chandler Stephenson wins face-off versus Jujhar Khaira in New York Rangers zone.
6:07 of 3rd period - Slapshot by Matt Niskanen.
6:07 of 3rd period - Stopped by Peter Budaj without a rebound.
6:08 of 3rd period - Jujhar Khaira wins face-off versus Chandler Stephenson in New York Rangers zone.
6:13 of 3rd period - Matt Niskanen is hit by Mike Hoffman and loses puck.
6:36 of 3rd period - Snap shot by Nicklas Backstrom.
6:36 of 3rd period - Stopped by Peter Budaj without a rebound.
6:37 of 3rd period - J.T. Miller wins face-off versus Nicklas Backstrom in New York Rangers zone.
6:37 of 3rd period - J.T. Miller is hit by Jason Demers.
6:57 of 3rd period - Wrist shot by Alex Ovechkin.
6:57 of 3rd period - Stopped by Peter Budaj without a rebound.
6:58 of 3rd period - Brandon Dubinsky wins face-off versus Evgeny Kuznetsov in New York Rangers zone.
7:23 of 3rd period - Jujhar Khaira is hit by Brett Connolly and loses puck.
7:48 of 3rd period - Alex Ovechkin is hit by Alexander Petrovic and loses puck.
7:54 of 3rd period - Icing by Nicklas Backstrom.
7:55 of 3rd period - Nicklas Backstrom wins face-off versus Brandon Dubinsky in Washington Capitals zone.
8:04 of 3rd period - Slapshot by Nicklas Backstrom.
8:04 of 3rd period - Shot Misses the Net.
8:06 of 3rd period - Slapshot by Jason Demers.
8:06 of 3rd period - Shot Blocked by Shawn Matthias.
8:08 of 3rd period - Slapshot by Jason Demers.
8:08 of 3rd period - Stopped by Peter Budaj with a rebound.
8:10 of 3rd period - Wrist shot by Nicklas Backstrom.
8:10 of 3rd period - Stopped by Peter Budaj without a rebound.
8:11 of 3rd period - Jujhar Khaira wins face-off versus Evgeny Kuznetsov in New York Rangers zone.
8:21 of 3rd period - Off-side.
8:22 of 3rd period - Brandon Dubinsky wins face-off versus Nicklas Backstrom in neutral zone.
8:49 of 3rd period - Kris Russell is hit by Evgeny Kuznetsov.
8:57 of 3rd period - Wrist shot by Chris Kreider.
8:57 of 3rd period - Shot Blocked by John Carlson.
9:11 of 3rd period - Wrist shot by Dan Girardi.
9:11 of 3rd period - Shot Blocked by Chandler Stephenson.
9:33 of 3rd period - Wrist shot by Ryan Carpenter.
9:33 of 3rd period - Deflect By Jussi Jokinen.
9:33 of 3rd period - Stopped by Peter Budaj without a rebound.
9:34 of 3rd period - Ryan Carpenter wins face-off versus Brandon Dubinsky in New York Rangers zone.
9:45 of 3rd period - Snap shot by Shawn Matthias.
9:45 of 3rd period - Stopped by Braden Holtby without a rebound.
9:46 of 3rd period - Evgeny Kuznetsov wins face-off versus J.T. Miller in Washington Capitals zone.
9:46 of 3rd period - Evgeny Kuznetsov is hit by Dan Girardi.
9:49 of 3rd period - Minor Penalty to Patrick Marleau for High sticking.
9:50 of 3rd period - Chandler Stephenson wins face-off versus Brandon Dubinsky in Washington Capitals zone.
10:02 of 3rd period - Slapshot by Chris Kreider.
10:02 of 3rd period - Shot Misses the Net.
10:04 of 3rd period - Slapshot by Chris Kreider.
10:04 of 3rd period - Shot Misses the Net.
10:34 of 3rd period - Jordie Benn is hit by Chris Kreider and loses puck.
11:19 of 3rd period - Jannik Hansen is hit by Alexander Petrovic and loses puck.
11:49 of 3rd period - Penalty to Patrick Marleau is over, Patrick Marleau is back on ice.
11:59 of 3rd period - Alexandre Burrows is hit by T.J. Oshie and loses puck.
12:14 of 3rd period - Alexander Petrovic is hit by Madison Bowey and loses puck.
12:37 of 3rd period - Mike Hoffman is hit by Ryan Carpenter and loses puck.
12:59 of 3rd period - Shawn Matthias is hit by Brett Connolly and loses puck.
13:14 of 3rd period - Brandon Pirri is hit by Alex Ovechkin.
13:18 of 3rd period - Neal Pionk is hit by Jay Beagle and loses puck.
13:39 of 3rd period - Josh Leivo is hit by Jason Demers and loses puck.
14:14 of 3rd period - Brady Skjei is hit by Evgeny Kuznetsov.
14:31 of 3rd period - Jordie Benn is hit by Jujhar Khaira and loses puck.
14:36 of 3rd period - Wrist shot by Mike Hoffman.
14:36 of 3rd period - Stopped by Braden Holtby with a rebound.
15:21 of 3rd period - Evgeny Kuznetsov is hit by Mike Hoffman and loses puck.
19:42 of 3rd period - Mats Zuccarello is hit by Brett Connolly and loses puck.
Goals for this period are 1 for Washington Capitals vs 1 for New York Rangers.
Shots for this period are 16 for Washington Capitals vs 4 for New York Rangers.